Map: Ascension vers Aïur EC

Players

diamadoshi - Winner!

  • Race: Terran Terran
  • League: Diamond
  • Spawn Location: 5:00

IA (élite)

  • Race: Protoss Protoss
  • Spawn Location: 11:00

VOD

Have the link to the VOD?

Description

Time

  • Played on: Jan. 14, 2018, 9:26 a.m.
  • Length: 8:53
Show
View Real Time Build Order
Export as new Build Order

diamadoshi Terran - Winner!

Build Orders: MMM Bio 

Get SALT Encoding   

  12  0:01  SCV  
  13  0:13  SCV  
  14  0:18  Supply Depot  
  14  0:25  SCV  
  15  0:39  SCV  
  15  0:40  Barracks  
  16  0:45  Refinery  
  16  0:51  SCV  
  17  1:03  SCV  
  18  1:16  SCV  
  19  1:28  Orbital Command  
  19  1:45  Command Center  
  19  1:51  Factory  
  19  1:54  SCV  
  19  1:58  Marine  
  21  2:08  Supply Depot  
  21  2:16  SCV  
  21  2:17  Bunker  
  21  2:19  Marine  
  23  2:29  SCV  
  24  2:38  Starport  
  24  2:41  Hellion  
  24  2:42  SCV  
  27  2:49  Marine  
  28  2:54  SCV  
  30  3:00  Orbital Command  
  29  3:07  Widow Mine  
  29  3:09  Marine  
  29  3:10  SCV  
  33  3:16  Viking  
  35  3:22  SCV  
  35  3:23  Refinery  
  36  3:34  SCV, Widow Mine  
  38  3:37  SCV, Barracks Reactor  
  38  3:42  Supply Depot  
  38  3:46  SCV  
  39  3:50  SCV  
  39  3:55  Factory Tech Lab  
  40  3:58  SCV, Engineering Bay  
  40  4:02  SCV  
  42  4:10  SCV  
  42  4:14  SCV, Siege Tank  
  47  4:22  Barracks  
  47  4:23  SCV, Barracks, Barracks Tech Lab  
  48  4:25  Supply Depot  
  48  4:26  SCV  
  48  4:29  Terran Infantry Weapons Level 1  
  49  4:38  SCV x2  
  51  4:43  Supply Depot  
  51  4:47  Supply Depot  
  51  4:50  SCV x2  
  53  4:56  Stimpack  
  53  4:58  Marine  
  54  5:00  Factory Reactor  
  54  5:03  SCV x2  
  56  5:09  Refinery  
  56  5:10  Refinery  
  56  5:13  Marine x2  
  58  5:15  SCV x2  
  58  5:16  Marine  
  58  5:20  Supply Depot  
  61  5:21  Combat Shields  
  61  5:22  Marine  
  61  5:23  Supply Depot  
  61  5:26  Starport Reactor  
  62  5:30  SCV, Marine  
  62  5:31  SCV, Marine  
  62  5:34  Marine  
  67  5:40  Marine  
  68  5:43  SCV x2  
  68  5:44  Widow Mine x2  
  68  5:48  Marine  
  68  5:49  Marine  
  76  5:52  Marauder  
  76  5:54  Supply Depot  
  76  5:55  Supply Depot  
  78  5:59  Marauder  
  80  6:04  Medivac x2  
  80  6:06  Marine  
  80  6:07  Marine  
  80  6:08  Widow Mine  
  80  6:09  Widow Mine  
  90  6:14  Marauder  
  91  6:20  Marauder  
  91  6:22  Liberator  
  91  6:23  Supply Depot  
  91  6:24  Marine x2  
  95  6:27  Supply Depot  
  95  6:28  Terran Infantry Armor Level 1  
  95  6:30  Widow Mine x2  
  99  6:35  Marauder  
  104  6:41  Marauder  
  104  6:42  Marine  
  107  6:50  Supply Depot  
  107  6:51  Supply Depot  
  107  6:53  Widow Mine x2  
  111  6:54  Marine  
  111  6:55  Command Center  
  111  6:56  Marauder  
  111  7:00  Marine  
  116  7:01  SCV x2  
  116  7:04  Marine  
  118  7:12  Marine  
  118  7:13  SCV x2  
  120  7:18  Widow Mine x2  
  120  7:19  Marine, Marauder  
  120  7:22  Marauder  
  120  7:25  Medivac x2  
  122  7:30  Marine  
  122  7:36  Marine  
  123  7:38  Supply Depot  
  123  7:40  Marauder  
  123  7:43  SCV x2  
  130  7:44  Marauder  
  130  7:47  Marine  
  130  7:49  Barracks  
  130  7:50  Widow Mine  
  133  7:53  Barracks  
  133  7:54  Marine  
  133  7:55  SCV x2  
  134  8:09  Widow Mine  
  134  8:11  Medivac x2, Marine  
  134  8:12  Marine, Marauder x2  
  146  8:21  Orbital Command  
  146  8:29  Marine  
  146  8:30  Marine  
  146  8:31  Widow Mine  
Show
View Real Time Build Order
Export as new Build Order

IA (élite) Protoss 

Build Orders: Zealot Archon 

Get SALT Encoding   

  12  0:00  Probe  
  13  0:13  Probe  
  14  0:19  Pylon  
  14  0:25  Probe  
  15  0:37  Probe  
  15  0:40  Gateway  
  16  0:48  Assimilator  
  16  0:49  Probe  
  17  1:01  Pylon  
  17  1:02  Probe  
  18  1:14  Probe  
  19  1:26  Probe  
  19  1:29  Zealot  
  19  1:32  Cybernetics Core  
  22  1:38  Probe  
  23  1:50  Probe  
  24  1:55  Gateway  
  24  2:00  Pylon  
  24  2:02  Probe  
  25  2:20  Nexus  
  25  2:26  Zealot  
  25  2:29  Probe  
  28  2:33  Warp Gate  
  28  2:40  Assimilator  
  28  2:41  Probe  
  29  2:49  Adept  
  31  2:53  Probe  
  31  2:55  Adept  
  34  3:05  Pylon  
  34  3:06  Probe  
  35  3:16  Adept  
  35  3:18  Probe  
  38  3:26  Gateway  
  38  3:30  Probe  
  38  3:31  Probe  
  40  3:38  Adept  
  42  3:42  Probe  
  42  3:43  Probe  
  44  3:54  Probe  
  45  3:56  Probe, Adept  
  48  4:05  Adept  
  48  4:06  Probe  
  48  4:08  Probe  
  52  4:13  Adept  
  54  4:18  Probe  
  54  4:19  Pylon  
  54  4:20  Probe  
  56  4:29  Pylon  
  56  4:30  Probe  
  57  4:32  Probe  
  57  4:35  Stalker  
  60  4:40  Stalker  
  60  4:42  Probe  
  60  4:44  Probe  
  64  4:48  Stalker  
  64  4:49  Twilight Council  
  66  4:54  Probe  
  66  4:56  Probe  
  66  4:57  Pylon  
  66  4:58  Stalker  
  70  5:03  Sentry  
  70  5:07  Probe  
  73  5:08  Probe  
  74  5:18  Pylon  
  74  5:19  Probe  
  74  5:20  Probe  
  76  5:25  Zealot  
  78  5:29  Templar Archives  
  78  5:31  Assimilator  
  78  5:36  Assimilator  
  78  5:48  Zealot  
  80  5:50  Stalker  
  80  5:52  Pylon  
  80  5:54  Probe x2  
  84  5:59  Stalker  
  84  6:01  Forge, Nexus  
  86  6:06  Probe  
  86  6:07  Probe  
  86  6:08  High Templar  
  90  6:13  Pylon, Sentry  
  90  6:18  Probe  
  93  6:22  High Templar  
  95  6:25  Robotics Facility  
  95  6:37  Stalker  
  95  6:38  Forge, Archon  
  97  6:40  High Templar  
  97  6:43  Pylon  
  99  6:54  Pylon  
  99  6:55  High Templar  
  99  7:00  Stalker  
  103  7:02  Gateway  
  103  7:11  Archon  
  103  7:13  Probe x3, Zealot, Observer  
  77  7:23  Zealot  
  77  7:25  Probe x2  
  77  7:27  Zealot  
  65  7:33  Zealot  
  66  7:37  Probe x2  
  66  7:43  High Templar  
  70  7:47  Stalker  
  70  7:49  Probe  
  70  7:50  Probe  
  74  7:53  High Templar  
  74  7:56  Stalker  
  78  7:58  Nexus  
  78  8:01  Probe  
  63  8:10  Zealot  
  60  8:13  Probe  
  60  8:15  Stalker  
  60  8:19  Sentry  
  45  8:25  Zealot  
  40  8:30  High Templar  
  35  8:38  Stalker  
  29  8:42  Zealot  
  29  8:45  Zealot  
Tags
 
Add a new tag
Caveats
  • Supply blocks, unpowered buildings, or Contaminate may cause inaccurate times.
  • Supply counts are checked every 10 seconds.